 Dungeon Sprint DCSS version 0.21.0-24-g2553a33 (webtiles) character file.

12800000 letownia2 the Conqueror (level 27, 16/273 HPs)
             Began as a Centaur Monk on Jan 21, 2018.
             Was the Champion of Makhleb.
             Quit the game in the Dungeon (Sprint VIII: "Arena of Blood").
             The game lasted 00:03:23 (128 turns).

letownia2 the Conqueror (Centaur Monk)               Turns: 128, Time: 00:03:24

Health: 16/273     AC:  6    Str: 17    XL:     27
Magic:  42/54      EV: 33    Int:  9    God:    Makhleb [******]
Gold:   0          SH:  0    Dex: 22    Spells: 80/80 levels left

rFire    + . .     SeeInvis .   j - +∞ Axe of Woe
rCold    . . .     Gourm    .   (shield currently unavailable)
rNeg     . . .     Faith    .   b - +0 robe
rPois    .         Spirit   .   (no helmet)
rElec    .         Reflect  .   (no cloak)
rCorr    .         Harm     .   (no gloves)
MR       ++...     NoTele   +   (no barding)
Stlth    +++++++++.             (no amulet)
HPRegen  0.55/turn              l - ring of protection from fire
MPRegen  0.34/turn              (no ring)

@: lethally poisoned (16 -> -60), very quick
A: large, hooves 3, deformed body, speed 2, tough skin 3
a: Minor Destruction, Lesser Servant of Makhleb, Major Destruction, Greater
Servant of Makhleb, Renounce Religion


You were in the Dungeon.
You worshipped Makhleb.
Makhleb was exalted by your worship.
You were not hungry.

You visited 1 branch

Inventory:

Hand Weapons
 a - a +0 hand axe
 j - the +∞ Axe of Woe (weapon)
   (You found it in the Dungeon)
Armour
 b - a +0 robe (worn)
Jewellery
 k - a +30 ring of slaying
 l - a ring of protection from fire (left hand)
 m - a +200 ring of slaying
Scrolls
 i - a scroll of blinking
Potions
 e - a potion of heal wounds
 f - a potion of haste
 g - 2 potions of magic
 h - a potion of berserk rage
Comestibles
 c - a ration


   Skills:
 O Level 27 Fighting
 O Level 27 Axes
 O Level 27 Throwing
 O Level 27 Armour
 O Level 27 Dodging
 O Level 27 Stealth
 O Level 27 Unarmed Combat
 O Level 27 Spellcasting
 O Level 27 Invocations


You had 80 spell levels left.
You didn't know any spells.

Dungeon Overview and Level Annotations

Branches:
Dungeon (1/1)

Altars:
Makhleb


Innate Abilities, Weirdness & Mutations

You have hooves in place of feet.
Armour fits poorly on your strangely shaped body.
You cover ground very quickly.
You have extremely tough skin. (AC +3)


Message History

The meat berserker is engulfed in poison gas.
The meat berserker is poisoned.
You hear a shout!
The scourge throws poison arrow at you. The poison arrow hits you!
You are poisoned.
The scourge throws poison at you. The bolt of poison hits you!
You are more poisoned.
* * * LOW HITPOINT WARNING * * *
You hear a shout!
The scourge throws poison at you. The bolt of poison hits you!
You are lethally poisoned!
* * * LOW HITPOINT WARNING * * *
A fleshlord comes into view. It is wielding a +9 great mace.
Are you sure you want to abandon this character and quit the game? (Confirm with "yes".)
Okay, then.
Unknown command.
Are you sure you want to abandon this character and quit the game? (Confirm with "yes".)

= .#### .. ....####
#.#####......####
...............####
#.##.........S..%...####
.......................#
#.#..)§§..#...........#
......)§§####..........#
......§O§@§§...........#
........§§))))..#......#
.........§§§)).)p))....# ..
...L....§..SS...#)))...# #.
....#......o....))))...# #..
....#..SS.......##)....# .###..
....###...........))...#
......###.....%....%%.###.X.).#
......_........%.%.......§)).#


You could see a tyrant, 4 scourges, a fleshlord (wandering), a meat berserker
(berserk) and a bag of meat.

Vanquished Creatures
  4 hell beasts (D)
  2 greater mummies (D)
  7 great orbs of eyes (D)
  3 wraiths (D)
  10 vampire knights (D)
  32 ogres (D)
  3 two-headed ogres (D)
  7 liches (D)
  2 hydras (D)
  66 orcs (D)
  7 phantoms (D)
  5 skeletal warriors (D)
  A sea snake (D)
  7 small abominations (D)
  4 large abominations (D)
  8 crawling corpses (D)
168 creatures vanquished.

Vanquished Creatures (others)
  2 crawling corpses (D)
2 creatures vanquished.

Grand Total: 170 creatures vanquished

Notes
Turn   | Place    | Note
-------+----------+-------------------------------------------
     0 | D        | Found the +∞ Axe of Woe
     0 | D        | letownia2 the Centaur Monk began the quest for the Orb.
     0 | D        | Reached XP level 1. HP: 19/19 MP: 1/1
     3 | D        | Noticed a bag of meat
     4 | D        | Noticed a bag of meat
     4 | D        | Became a worshipper of Makhleb the Destroyer
     4 | D        | Reached * piety under Makhleb
     4 | D        | Reached ** piety under Makhleb
     6 | D        | Noticed a bag of meat
     6 | D        | Noticed a bag of meat
     8 | D        | Noticed a bag of meat
     9 | D        | Killed a bag of meat
     9 | D        | Reached skill level 15 in Axes
     9 | D        | Reached XP level 2. HP: 50/50 MP: 2/2
     9 | D        | Reached XP level 3. HP: 57/57 MP: 3/3
     9 | D        | Reached XP level 4. HP: 64/64 MP: 4/4
     9 | D        | Reached XP level 5. HP: 71/71 MP: 5/5
     9 | D        | Reached XP level 6. HP: 79/79 MP: 6/6
     9 | D        | Reached XP level 7. HP: 86/86 MP: 7/7
     9 | D        | Reached XP level 8. HP: 94/94 MP: 8/8
     9 | D        | Reached XP level 9. HP: 101/101 MP: 9/9
     9 | D        | Reached XP level 10. HP: 108/108 MP: 10/10
     9 | D        | Reached XP level 11. HP: 115/115 MP: 11/11
    10 | D        | Killed a bag of meat
    10 | D        | Reached XP level 12. HP: 128/128 MP: 12/12
    11 | D        | Killed a bag of meat
    11 | D        | Reached XP level 13. HP: 140/140 MP: 13/13
    11 | D        | Killed a bag of meat
    11 | D        | Reached *** piety under Makhleb
    11 | D        | Reached XP level 14. HP: 151/151 MP: 14/14
    13 | D        | Noticed a meat berserker
    13 | D        | Killed a bag of meat
    14 | D        | Noticed a bag of meat
    14 | D        | Noticed a destroyer
    14 | D        | Noticed a bag of meat
    15 | D        | Noticed a bag of meat
    15 | D        | Noticed a meat berserker
    15 | D        | Noticed a bag of meat
    16 | D        | Noticed a meat berserker
    16 | D        | Noticed a bag of meat
    17 | D        | Killed a destroyer
    17 | D        | Reached XP level 15. HP: 169/169 MP: 15/15
    18 | D        | Killed a meat berserker
    18 | D        | Reached **** piety under Makhleb
    18 | D        | Reached XP level 16. HP: 182/182 MP: 16/16
    18 | D        | Killed a meat berserker
    18 | D        | Reached skill level 27 in Fighting
    18 | D        | Reached skill level 27 in Axes
    18 | D        | Reached XP level 17. HP: 191/191 MP: 17/17
    19 | D        | Noticed a meat berserker
    19 | D        | Noticed a destroyer
    19 | D        | Noticed a meat berserker
    20 | D        | Killed a meat berserker
    20 | D        | Reached ***** piety under Makhleb
    20 | D        | Reached skill level 27 in Dodging
    20 | D        | Reached skill level 5 in Throwing
    20 | D        | Reached skill level 5 in Stealth
    20 | D        | Reached skill level 5 in Unarmed Combat
    20 | D        | Reached skill level 5 in Invocations
    20 | D        | Reached XP level 18. HP: 200/200 MP: 17/27
    21 | D        | Killed a destroyer
    21 | D        | Reached skill level 10 in Armour
    21 | D        | Reached skill level 10 in Stealth
    21 | D        | Reached skill level 10 in Spellcasting
    22 | D        | Noticed a destroyer
    22 | D        | Noticed a meat berserker
    22 | D        | Noticed a destroyer
    22 | D        | Reached skill level 15 in Invocations
    22 | D        | Reached XP level 19. HP: 207/207 MP: 17/34
    23 | D        | Noticed a meat berserker
    23 | D        | Noticed a meat berserker
    23 | D        | Noticed a meat berserker
    24 | D        | Noticed a meat berserker
    25 | D        | Killed a meat berserker
    25 | D        | Killed a destroyer
    25 | D        | Reached skill level 15 in Armour
    25 | D        | Reached skill level 15 in Spellcasting
    25 | D        | Reached XP level 20. HP: 216/216 MP: 17/39
    25 | D        | Killed a meat berserker
    25 | D        | Reached skill level 15 in Stealth
    28 | D        | Killed a meat berserker
    28 | D        | Reached ****** piety under Makhleb
    28 | D        | Reached XP level 21. HP: 224/224 MP: 18/43
    30 | D        | Reached skill level 27 in Throwing
    30 | D        | Reached skill level 27 in Invocations
    30 | D        | Reached XP level 22. HP: 233/233 MP: 18/47
    31 | D        | Reached skill level 27 in Unarmed Combat
    32 | D        | Killed a destroyer
    32 | D        | Reached XP level 23. HP: 240/240 MP: 19/51
    33 | D        | Noticed a destroyer
    34 | D        | Noticed a destroyer
    37 | D        | Noticed a destroyer
    39 | D        | Reached skill level 27 in Armour
    39 | D        | Reached skill level 27 in Spellcasting
    40 | D        | Reached skill level 27 in Stealth
    40 | D        | Reached XP level 24. HP: 249/249 MP: 21/54
    49 | D        | Killed a destroyer
    49 | D        | Reached XP level 25. HP: 257/257 MP: 23/54
    53 | D        | Noticed a large bag of meat
    55 | D        | Killed a destroyer
    55 | D        | Reached XP level 26. HP: 200/266 MP: 24/54
    55 | D        | Killed a destroyer
    58 | D        | Noticed a tyrant
    59 | D        | Noticed a destroyer
    60 | D        | Reached XP level 27. HP: 273/273 MP: 25/54
    61 | D        | Noticed a destroyer
    62 | D        | Noticed a dread
    64 | D        | Noticed a destroyer
    65 | D        | Killed a destroyer
    65 | D        | Killed a destroyer
    66 | D        | Killed a large bag of meat
    66 | D        | Killed a destroyer
    70 | D        | Killed a dread
    71 | D        | Killed a tyrant
    80 | D        | Noticed a meat beast
    82 | D        | Killed a meat beast
    83 | D        | Noticed a large bag of meat
    84 | D        | Noticed a tyrant
    86 | D        | Noticed an accursed
    88 | D        | Noticed a dread
    88 | D        | Noticed a dread
    89 | D        | Killed a tyrant
    90 | D        | Noticed a meat beast
    90 | D        | Noticed a large bag of meat
    94 | D        | Killed a dread
    95 | D        | Noticed a tyrant
    95 | D        | Killed a dread
    96 | D        | Killed a meat beast
    97 | D        | Noticed a meat beast
   101 | D        | Noticed an accursed
   101 | D        | Noticed a tyrant
   101 | D        | Killed a large bag of meat
   101 | D        | Killed a large bag of meat
   102 | D        | Noticed a tyrant
   102 | D        | Killed a meat beast
   103 | D        | Noticed a tyrant
   104 | D        | Noticed a meat beast
   105 | D        | Killed an accursed
   106 | D        | Killed a tyrant
   108 | D        | Killed a meat beast
   115 | D        | Noticed a tyrant
   116 | D        | Killed a tyrant
   117 | D        | Killed a tyrant
   119 | D        | Killed a tyrant
   120 | D        | Noticed a large bag of meat
   121 | D        | Killed an accursed
   123 | D        | Killed a tyrant
   127 | D        | Noticed a tyrant
   128 | D        | Noticed a fleshlord
   128 | D        | Quit the game

Skill      XL: |  1  2  3  4  5  6  7  8  9 10 11 12 13 14 15 16 17 18 19 20 21 22 23 |
---------------+----------------------------------------------------------------------+-----
Fighting       | 16 18 20 21 25 26 27 | 27.0
Axes           | 15 17 19 20 23 25 27 | 27.0
Dodging        | 12 14 16 17 20 21 23 27 | 27.0
Stealth        | 4 7 11 14 17 20 23 27 | 27.0
Throwing       | 9 16 20 23 27 | 27.0
Armour         | 6 11 15 18 21 24 27 | 27.0
Unarmed Combat | 8 14 18 22 26 27 | 27.0
Spellcasting   | 6 11 15 18 21 24 27 | 27.0
Invocations    | 8 15 20 23 27 | 27.0

Action                   |  1- 3 |  4- 6 |  7- 9 | 10-12 | 13-15 | 16-18 | 19-21 | 22-24 | 25-27 || total
-------------------------+-------+-------+-------+-------+-------+-------+-------+-------+-------++-------
Melee: Executioner's axe |     1 |       |       |     2 |     3 |     3 |     4 |    10 |    50 ||    73
  Use: Potion            |       |       |       |       |       |       |       |       |     1 ||     1
Armor: Robe              |       |       |       |       |       |       |       |       |     2 ||     2
Dodge: Dodged            |       |       |       |       |       |       |       |       |    10 ||    10
